 Dungeon Crawl Stone Soup version 0.29.1-15-g9cfb28693d (webtiles) character file.

Game seed: 9138978043872388508

128 Anriel the Conjurer (level 4, 0/24 HPs)
             Began as a Deep Elf Conjurer on Mar 7, 2023.
             Killed by nerve-wracking pain
             ... invoked by an orc priest
              (9 damage)
             ... on level 3 of the Dungeon.
             The game lasted 00:10:36 (1731 turns).

Anriel the Conjurer (Deep Elf Conjurer)             Turns: 1731, Time: 00:10:37

Health: 0/24       AC:  3    Str:  4    XL:     4   Next: 86%
Magic:  4/12       EV: 13    Int: 25    God:
Gold:   73         SH:  0    Dex: 13    Spells: 2/12 levels left

rFire   . . .      SeeInvis .   e - +0 rapier
rCold   . . .      Faith    .   (no shield)
rNeg    . . .      Spirit   .   a - +0 robe
rPois   .          Reflect  .   (no helmet)
rElec   .          Harm     .   (no cloak)
rCorr   .          Rampage  .   f - +0 pair of gloves
Will    .....                   (no boots)
Stlth   ++........              (no amulet)
HPRegen 0.08/turn               (no ring)
MPRegen 0.13/turn               (no ring)

@: no status effects
A: no striking features
a: no special abilities


You were on level 3 of the Dungeon.
You visited 1 branch of the dungeon, and saw 3 of its levels.

You collected 99 gold pieces.
You spent 26 gold pieces at shops.

Inventory:

Hand Weapons
 e - a +0 rapier (weapon)
Armour
 a - a +0 robe (worn)
 f - a +0 pair of gloves (worn)
Wands
 l - a wand of polymorph (1)
Scrolls
 d - 2 scrolls of teleportation
 h - a scroll of amnesia
 k - 2 scrolls of identify
Potions
 b - a potion of magic
 i - 2 potions of haste
 j - 2 potions of heal wounds {unknown}


   Skills:
 + Level 4.0 Dodging
 + Level 3.3 Stealth
 + Level 4.6 Spellcasting
 - Level 5.0 Conjurations


You had 2 spell levels left.
You knew the following spells:

 Your Spells              Type           Power      Damage    Failure   Level
a - Magic Dart            Conj           100%       1d8       1%          1
b - Searing Ray           Conj           60%        2d6       1%          2
c - Dazzling Flash        Conj/Hex       36%        N/A       10%         3
d - Fulminant Prism       Conj/Hex       9%         3d7       30%         4

Your spell library contained the following spells:

 Spells                   Type           Power      Damage    Failure   Level
 Iskenderun's Mystic Bla  Conj/Tloc      18%        2d6       30%         4


Dungeon Overview and Level Annotations

Branches:
Dungeon (3/15)

Altars:

Shops:
D:2 *(?=


Message History

Press: ? - help, Shift-Dir - straight line, f - orc priest
Aim: an orc priest, wielding a +0 hand axe and wearing a +0 chain mail (85% to hit)
The searing ray hits the orc priest.
The orc priest is moderately wounded.
The searing ray misses the orc. (Press . to maintain the ray.)
The searing ray misses the orc priest.
The searing ray hits the orc!
You kill the orc!
The orc priest hits you with a +0 hand axe.
The searing ray hits the orc priest but does no damage.
The orc priest is moderately wounded.
The orc priest barely misses you.
An orc comes into view. It is wielding a +0 club.
The searing ray hits the orc priest.
The orc priest is heavily wounded.
You finish channelling your searing ray.
The orc priest looks encouraged for a moment.
A goblin comes into view. It is wielding a +0 dagger.
Casting: Searing Ray (safe; 1% risk of failure)
Confirm with . or Enter, or press ? or * to list all spells.
Aiming: Searing Ray (safe; 1% risk of failure)
Press: ? - help, Shift-Dir - straight line, f/p - orc priest
Aim: an orc priest, wielding a +0 hand axe and wearing a +0 chain mail (heavily wounded, 85% to hit)
The searing ray hits the orc priest but does no damage.
The orc priest is heavily wounded. (Press . to maintain the ray.)
The goblin shouts!
The orc priest casts a cantrip, but nothing happens.
The searing ray hits the orc priest but does no damage.
The orc priest is heavily wounded.
The searing ray hits the goblin.
You kill the goblin!
The orc priest mumbles some strange prayers to Beogh against you.
Beogh smites you!
Ouch! That really hurt!
The searing ray hits the orc priest.
The orc priest is severely wounded.
The orc priest invokes the aid of Beogh against you.
Pain shoots through your body!
You die...

###########.##.##.##
#)......##.##.8.##.##
#.......#.####.####.##
#.....†...#.#♣#♣#.#..#
#######........#.⌠.# #.⌠.#.#
................#.#♣#♣#.#..#
###...#.......#..#.#.###..##
#...###.......#.###.⌠.###.#
#.### #########.@#.#.#.##.##
..## #..#o###.#.#..# †..#
#..#.o.###.⌠.#.# ##.######
#...o#.#.###.#..# #.......#
#.##.####)####.## #<..<...#
... . ⌠.# ## #.......#... ..
## #.......#.. .. .....####
...


You could see an orc priest and an orc.

Vanquished Creatures
  Natasha (thrice) (D:2)
  2 adders
  A worm (D:2)
  A dart slug (D:3)
  An orc (D:3)
  2 endoplasms
  A giant cockroach (D:2)
  3 goblins
  2 hobgoblins (D:1)
  2 quokkas
  2 ball pythons (D:1)
  5 bats
  A frilled lizard (D:1)
  6 kobolds
  2 rats (D:2)
34 creatures vanquished.

Notes
Turn   | Place    | Note
-------+----------+-------------------------------------------
     0 | D:1      | Anriel the Deep Elf Conjurer began the quest for the Orb.
     0 | D:1      | Reached XP level 1. HP: 10/10 MP: 6/6
   305 | D:1      | Reached XP level 2. HP: 15/15 MP: 4/8
   366 | D:1      | Found a faded altar of an unknown god.
   378 | D:1      | Learned a level 2 spell: Searing Ray
   823 | D:2      | Found Lesuupoe's General Store.
   934 | D:2      | Noticed Natasha
   949 | D:2      | Killed Natasha
   950 | D:2      | Reached XP level 3. HP: 15/19 MP: 3/10
  1099 | D:2      | Reached skill level 5 in Conjurations
  1210 | D:2      | Noticed Natasha
  1215 | D:2      | Killed Natasha
  1216 | D:2      | Reached XP level 4. HP: 24/24 MP: 7/12
  1282 | D:2      | Found Ygimofoe's Magic Scroll Shoppe.
  1288 | D:2      | Bought a scroll of identify for 26 gold pieces
  1289 | D:2      | Found Boosk's Weapon Boutique.
  1314 | D:2      | Noticed Natasha
  1327 | D:2      | Killed Natasha
  1450 | D:2      | Found Imuuj's Jewellery Emporium.
  1657 | D:3      | Learned a level 3 spell: Dazzling Flash
  1662 | D:3      | Learned a level 4 spell: Fulminant Prism
  1731 | D:3      | Killed from afar by an orc priest

Illustrated notes

Levels and vault maps discovered:
D:1:      spicycebolla_green_bress_n_ham, layout_rooms,
          ebering_ecumenical_altar_sacrificial, serial_corexii_hall,
          corexii_hall_statues_i, chequers_hall_statues_y,
          corexii_hall_statues_u, chequers_hall_statues_wall_a
D:2:      layout_loops_ring, serial_shops, nicolae_shop_advertising_works
          [nicolae_subvault_shop_adworks], shop, nicolae_diamond_shop, shop,
          lemuel_flame_loot_1, uniq_natasha
D:3:      layout_rooms, gammafunk_ghost_icy, grunt_decor_mini_mirrors

Skill      XL: |  1  2  3  4 |
---------------+-------------+-----
Dodging        | 3 4 |  4.0
Spellcasting   | 4 |  4.6
Conjurations   | 5 |  5.0
Stealth        | 3 |  3.3

Action                   |  1- 3 |  4- 6 || total
-------------------------+-------+-------++-------
Melee: Dagger            |     6 |     7 ||    13
 Cast: Magic Dart        |    34 |    11 ||    45
       Searing Ray       |     3 |     4 ||     7
  Use: Scroll            |     5 |     2 ||     7
 Stab: Sleeping          |     2 |     1 ||     3
Armor: Robe              |     3 |     5 ||     8
Dodge: Dodged            |     4 |     7 ||    11
